Map: Oceanborn LE

Players

神族我的超人 - Winner!

  • Race: Protoss Protoss
  • Spawn Location: 11:00

Stats

  • Race: Protoss Protoss
  • League: Master
  • Spawn Location: 5:00

VOD

Have the link to the VOD?

Description

Time

  • Played on: Dec. 5, 2023, 4:31 a.m.
  • Length: 13:05
Show
View Real Time Build Order
Export as new Build Order

神族我的超人 Protoss - Winner!

Build Orders: Phoenix Opening, Blink Stalkers 

Get SALT Encoding   

  12  0:00  Probe  
  13  0:12  Probe  
  14  0:17  Pylon  
  14  0:24  Probe (Chrono Boost)  
  16  0:35  Gateway  
  16  0:36  Probe (Chrono Boost)  
  16  0:43  Probe (Chrono Boost)  
  16  0:45  Assimilator  
  17  0:50  Probe  
  18  1:03  Probe (Chrono Boost)  
  19  1:04  Assimilator  
  19  1:10  Gateway  
  19  1:12  Probe (Chrono Boost)  
  19  1:17  Probe (Chrono Boost)  
  20  1:23  Cybernetics Core  
  21  1:29  Probe  
  22  1:34  Pylon  
  22  1:41  Probe  
  23  1:53  Probe  
  24  2:00  Stalker x2  
  24  2:01  Warp Gate  
  28  2:11  Pylon  
  28  2:30  Stalker x2  
  32  2:51  Nexus  
  32  2:54  Probe  
  33  3:00  Sentry x2  
  37  3:06  Probe  
  37  3:11  Pylon  
  38  3:18  Probe  
  39  3:22  Shield Battery  
  39  3:28  Twilight Council  
  39  3:33  Probe  
  39  3:34  Phoenix  
  36  3:51  Stalker x2, Probe (Chrono Boost)  
  39  3:57  Blink (Chrono Boost)  
  40  4:03  Probe (Chrono Boost)  
  40  4:06  Probe (Chrono Boost)  
  42  4:12  Probe (Chrono Boost)  
  42  4:13  Probe (Chrono Boost)  
  42  4:14  Stalker  
  45  4:18  Probe x2 (Chrono Boost)  
  47  4:25  Stalker  
  47  4:30  Probe x2  
  51  4:45  Nexus  
  50  4:49  Stalker  
  50  4:50  Probe  
  50  4:51  Probe  
  54  4:54  Stalker  
  54  4:58  Pylon  
  54  5:07  Probe x2  
  55  5:20  Probe x2  
  56  5:23  Stalker x2  
  60  5:32  Probe x2  
  60  5:35  Forge  
  62  5:41  Pylon  
  62  5:44  Probe x2  
  62  5:47  Stalker x2  
  69  5:58  Probe (Chrono Boost)  
  69  6:02  Probe x2 (Chrono Boost)  
  65  6:06  Protoss Ground Weapons Level 1 (Chrono Boost)  
  65  6:10  Stalker x2  
  72  6:12  Probe x2 (Chrono Boost)  
  72  6:13  Probe (Chrono Boost)  
  72  6:16  Gateway x2  
  72  6:17  Shield Battery, Probe x2 (Chrono Boost)  
  72  6:20  Pylon  
  72  6:23  Probe  
  75  6:25  Assimilator  
  75  6:28  Probe  
  75  6:29  Probe  
  77  6:33  Stalker  
  77  6:35  Stalker, Probe  
  77  6:37  Charge  
  82  6:40  Probe  
  82  6:42  Probe  
  84  6:49  Probe  
  84  6:50  Gateway x2  
  84  6:52  Gateway  
  84  6:53  Gateway  
  85  6:55  Probe  
  85  6:56  Probe  
  85  7:00  Robotics Facility  
  87  7:08  Pylon  
  87  7:09  Stalker x2  
  91  7:18  Nexus  
  91  7:19  Pylon  
  91  7:24  Probe x3  
  94  7:31  Gateway x2  
  94  7:32  Stalker  
  94  7:34  Pylon  
  94  7:36  Stalker  
  98  7:38  Probe x2  
  98  7:39  Probe  
  98  7:42  Stalker  
  103  7:46  Stalker  
  103  7:48  Protoss Ground Weapons Level 2 (Chrono Boost)  
  103  7:50  Probe  
  106  7:53  Pylon  
  106  8:01  Stalker  
  106  8:04  Zealot x4, Pylon  
  116  8:07  Shield Battery  
  116  8:19  Stalker x3  
  122  8:24  Stalker  
  124  8:28  Zealot x5  
  124  8:32  Shield Battery  
  134  8:34  Stalker  
  136  8:43  Zealot x3  
  138  8:48  Zealot x4  
  138  8:55  Stalker x2  
  140  8:59  Stalker  
  126  9:04  Stalker x2  
  126  9:05  Zealot  
  126  9:07  Probe x3  
  126  9:08  Probe  
  132  9:18  Stalker x2  
  132  9:19  Probe x2  
  132  9:21  Assimilator  
  132  9:22  Zealot x4  
  146  9:36  Stalker  
  146  9:37  Stalker x2  
  152  9:39  Nexus  
  152  9:43  Zealot x2  
  156  9:57  Zealot x2  
  156  9:58  Observer  
  153  10:02  Stalker x2  
  155  10:08  Assimilator  
  155  10:09  Pylon, Photon Cannon  
  155  10:11  Pylon  
  155  10:13  Protoss Ground Weapons Level 3 (Chrono Boost)  
  155  10:16  Photon Cannon  
  155  10:19  Photon Cannon  
  155  10:24  Pylon  
  155  10:25  Probe  
  155  10:26  Pylon  
  155  10:27  Probe x2  
  158  10:33  Stalker x3  
  164  10:36  Assimilator  
  162  10:44  Pylon  
  158  10:50  Stalker x3  
  158  10:51  Observer  
  158  10:55  Photon Cannon  
  158  10:57  Stalker  
  166  11:00  Stalker  
  168  11:04  Gateway  
  168  11:07  Gateway  
  168  11:08  Stalker x3  
  174  11:12  Stalker  
  174  11:13  Stalker  
  174  11:18  Shield Battery  
  174  11:19  Stalker x2  
  174  11:22  Photon Cannon  
  174  11:24  Shield Battery  
  178  11:40  Stalker x7  
  178  11:43  Pylon  
  178  11:46  Nexus  
  188  11:49  Pylon  
  186  11:58  Zealot x3, Robotics Facility  
  188  12:07  Shield Battery  
  186  12:15  Stalker x9  
  192  12:21  Observer  
  144  12:30  Stalker x3  
  134  12:41  Stalker x2, Zealot x7  
Show
View Real Time Build Order
Export as new Build Order

Stats Protoss 

Build Orders: Oracle Opening 

Get SALT Encoding   

  12  0:00  Probe  
  13  0:12  Probe  
  14  0:17  Pylon  
  14  0:24  Probe (Chrono Boost)  
  15  0:36  Probe (Chrono Boost)  
  15  0:37  Gateway  
  16  0:45  Assimilator, Probe (Chrono Boost)  
  17  0:50  Probe  
  17  0:54  Assimilator  
  18  1:03  Probe (Chrono Boost)  
  19  1:08  Gateway  
  19  1:14  Probe (Chrono Boost)  
  20  1:18  Probe (Chrono Boost)  
  20  1:24  Cybernetics Core  
  21  1:29  Probe  
  22  1:35  Pylon  
  22  1:41  Probe  
  23  1:53  Probe  
  24  2:01  Stalker x2, Warp Gate  
  28  2:09  Pylon  
  28  2:23  Pylon  
  28  2:26  Stargate  
  28  2:47  Nexus  
  28  2:52  Shield Battery  
  28  3:02  Probe  
  29  3:07  Oracle (Chrono Boost)  
  32  3:14  Probe, Pylon  
  32  3:18  Sentry  
  35  3:26  Probe  
  36  3:40  Oracle (Chrono Boost)  
  34  3:54  Probe (Chrono Boost)  
  35  3:58  Probe (Chrono Boost)  
  35  4:00  Stalker x2  
  40  4:08  Probe x2 (Chrono Boost)  
  42  4:13  Probe (Chrono Boost)  
  42  4:15  Probe  
  44  4:25  Twilight Council, Probe, Adept  
  44  4:26  Adept  
  44  4:28  Probe  
  50  4:33  Pylon  
  50  4:37  Probe  
  51  4:40  Probe  
  52  4:49  Stalker x2, Probe  
  52  4:52  Probe  
  58  4:56  Assimilator, Pylon  
  58  5:11  Blink (Chrono Boost), Probe x2  
  56  5:23  Stalker  
  56  5:28  Stalker  
  60  5:32  Nexus  
  60  5:33  Pylon  
  60  5:34  Shield Battery, Probe x2  
  62  5:47  Stalker  
  64  5:51  Gateway  
  64  5:53  Stalker  
  64  5:55  Shield Battery  
  66  6:02  Probe x2  
  66  6:14  Probe x2  
  66  6:16  Robotics Facility  
  66  6:17  Stalker, Forge  
  66  6:18  Stalker  
  72  6:26  Probe x2  
  74  6:35  Gateway  
  74  6:36  Gateway  
  74  6:38  Probe x2  
  76  6:41  Protoss Ground Weapons Level 1 (Chrono Boost)  
  76  6:43  Charge (Chrono Boost)  
  76  6:45  Gateway, Probe  
  77  6:50  Probe x2  
  79  6:55  Gateway  
  79  6:56  Gateway  
  79  6:58  Probe  
  80  7:02  Probe  
  80  7:03  Probe  
  80  7:07  Observer  
  83  7:10  Templar Archives  
  83  7:13  Zealot x3  
  89  7:18  Probe  
  89  7:20  Pylon  
  89  7:22  Pylon  
  90  7:25  Warp Prism, Pylon  
  92  7:41  Zealot x5  
  92  7:42  Zealot  
  104  7:46  Pylon  
  104  7:51  Nexus  
  104  7:54  Pylon  
  104  8:00  High Templar x2  
  104  8:05  Archon  
  108  8:06  Zealot x5  
  108  8:08  Zealot  
  116  8:27  High Templar x2  
  116  8:28  Zealot x3  
  116  8:29  Zealot  
  116  8:31  Archon  
  116  8:32  Probe x3  
  116  8:34  Shield Battery  
  131  8:35  Zealot x2  
  105  8:55  Zealot x3  
  105  8:56  Zealot x3  
  105  9:00  Zealot x2  
  103  9:03  Immortal (Chrono Boost)  
  87  9:19  Stalker x3  
  87  9:20  Stalker x4  
  87  9:22  Stalker  
  102  9:40  Assimilator, Immortal (Chrono Boost)  
  102  9:41  Assimilator  
  103  9:47  Assimilator, Protoss Ground Weapons Level 2 (Chrono Boost)  
  103  9:56  Zealot x6  
  103  9:57  Zealot x2  
  111  10:14  Robotics Bay  
  109  10:18  Robotics Facility  
  109  10:19  Probe x3  
  112  10:22  Stalker  
  112  10:23  Stalker  
  112  10:25  Pylon  
  112  10:26  Pylon  
  112  10:27  Pylon  
  116  10:32  Warp Prism (Chrono Boost)  
  107  10:55  Stalker x2  
  107  10:56  Stalker x6  
  123  11:03  Disruptor x2 (Chrono Boost)  
  131  11:19  Pylon  
  131  11:20  Pylon  
  131  11:21  Pylon  
  131  11:22  Pylon  
  131  11:32  Disruptor x2  
  139  11:41  Zealot x2  
  139  11:42  Zealot x6  
  148  12:06  Stalker x8  
  108  12:31  Stalker x6  
  108  12:32  Stalker x2  
Tags
 
Composition
Blink Stalkers
League
Master
Matchup
PvP
Player
Stats
Replay Pack
December 2023
Spawn Locations
Cross Positions
Add a new tag
Caveats
  • Supply blocks, unpowered buildings, or Contaminate may cause inaccurate times.
  • Supply counts are checked every 10 seconds.